Map: Avalon Labs

Players

revol

  • Race: Protoss Protoss
  • Spawn Location: 6:00

Petzku

  • Race: Zerg Zerg
  • Spawn Location: 5:00

Dentosal

  • Race: Protoss Protoss
  • League: Diamond
  • Spawn Location: 6:00

Loken - Winner!

  • Race: Zerg Zerg
  • League: Platinum
  • Spawn Location: 12:00

Myran - Winner!

  • Race: Protoss Protoss
  • Spawn Location: 11:00

dallaskuken - Winner!

  • Race: Protoss Protoss
  • League: Platinum
  • Spawn Location: 12:00

VOD

Have the link to the VOD?

Description

Time

  • Played on: April 5, 2017, 5:58 p.m.
  • Length: 12:40
Show
View Real Time Build Order
Export as new Build Order

revol Protoss 

Build Orders:  

Get SALT Encoding   

  12  0:02  Probe (Chrono Boost)  
  13  0:17  Pylon  
  13  0:22  Probe (Chrono Boost)  
  14  0:32  Probe (Chrono Boost)  
  15  0:39  Pylon  
  15  0:46  Probe (Chrono Boost)  
  16  0:50  Assimilator  
  16  0:56  Probe (Chrono Boost)  
  17  1:05  Gateway  
  17  1:07  Probe (Chrono Boost)  
  18  1:17  Probe (Chrono Boost)  
  19  1:22  Forge  
  19  1:47  Probe (Chrono Boost)  
  20  1:58  Probe (Chrono Boost)  
  20  2:00  Cybernetics Core  
  21  2:04  Assimilator  
  21  2:08  Gateway, Probe (Chrono Boost)  
  22  2:21  Probe (Chrono Boost)  
  23  2:32  Probe (Chrono Boost)  
  24  2:46  Probe (Chrono Boost)  
  24  2:49  Adept  
  27  2:53  Protoss Ground Weapons Level 1  
  27  2:56  Probe (Chrono Boost)  
  27  2:57  Warp Gate  
  28  2:59  Adept  
  30  3:07  Probe (Chrono Boost)  
  31  3:27  Nexus  
  31  3:43  Pylon  
  31  4:01  Stalker, Probe (Chrono Boost)  
  34  4:12  Mothership Core (Chrono Boost)  
  34  4:15  Pylon  
  36  4:17  Pylon  
  36  4:21  Pylon  
  34  4:30  Stalker, Probe (Chrono Boost)  
  34  4:31  Stalker  
  39  4:33  Pylon  
  39  4:36  Pylon  
  39  4:41  Probe (Chrono Boost)  
  34  5:44  Probe x2 (Chrono Boost)  
  34  5:51  Stalker x2  
  34  5:54  Probe x2 (Chrono Boost)  
  40  6:07  Gateway  
  37  6:35  Pylon x2  
  34  6:46  Pylon  
  27  7:02  Probe x2 (Chrono Boost)  
  29  7:12  Probe x2 (Chrono Boost)  
  29  7:13  Twilight Council  
  31  7:17  Stalker  
  31  7:18  Stalker  
  35  7:28  Protoss Ground Armor Level 1  
  35  7:32  Probe x2 (Chrono Boost)  
  37  7:38  Assimilator  
  37  7:40  Assimilator  
  37  7:42  Probe (Chrono Boost)  
  38  7:57  Gateway  
  38  8:00  Gateway  
  38  8:02  Gateway  
  38  8:04  Gateway, Nexus  
  38  8:06  Gateway  
  38  8:09  Gateway  
  38  8:13  Gateway  
  38  8:14  Probe x2 (Chrono Boost)  
  38  8:16  Gateway  
  38  8:18  Gateway  
  38  8:19  Stalker x2  
  44  8:21  Stalker  
  44  8:25  Probe x2 (Chrono Boost)  
  48  8:35  Probe x2 (Chrono Boost)  
  48  8:38  Pylon  
  48  8:40  Pylon  
  50  8:42  Blink  
  50  8:46  Probe x2 (Chrono Boost)  
  52  8:56  Probe x2 (Chrono Boost)  
  54  9:07  Probe (Chrono Boost)  
  55  9:16  Stalker  
  57  9:17  Stalker x3  
  57  9:18  Stalker x5  
  72  9:28  Pylon  
  72  9:35  Mothership Core (Chrono Boost)  
  74  9:39  Probe (Chrono Boost)  
  75  9:50  Probe (Chrono Boost)  
  76  9:53  Probe (Chrono Boost)  
  77  10:00  Probe (Chrono Boost)  
  77  10:04  Probe (Chrono Boost)  
  79  10:11  Probe (Chrono Boost)  
  80  10:14  Stalker x3, Probe (Chrono Boost)  
  80  10:15  Stalker x3  
  80  10:16  Nexus  
  93  10:24  Pylon  
  93  10:27  Pylon  
  93  10:42  Nexus  
  93  10:44  Probe (Chrono Boost)  
  93  10:45  Probe (Chrono Boost)  
  95  10:53  Stalker x2  
  95  10:55  Probe (Chrono Boost)  
  20  12:11  Stalker x2  
  20  12:12  Stalker x3  
  20  12:13  Stalker x4  
Show
View Real Time Build Order
Export as new Build Order

Petzku Zerg 

Build Orders: 3 Hatch before Pool 

Get SALT Encoding   

  12  0:02  Drone  
  13  0:09  Drone  
  14  0:36  Hatchery  
  14  0:40  Drone  
  14  0:45  Overlord  
  14  0:53  Extractor  
  14  0:54  Drone  
  14  1:06  Drone x2  
  16  1:26  Hatchery  
  16  1:40  Spawning Pool  
  15  2:01  Drone  
  15  2:02  Drone x4  
  20  2:13  Drone  
  21  2:21  Hatchery  
  20  2:27  Zergling x4  
  22  2:34  Zergling x4  
  22  2:35  Zergling x2  
  25  2:44  Queen  
  25  2:49  Overlord  
  27  2:55  Metabolic Boost  
  27  3:27  Zergling x10  
  27  3:28  Zergling x2  
  27  3:33  Queen  
  37  3:38  Queen  
  37  4:01  Drone x5  
  42  4:08  Overlord x2  
  42  4:09  Overlord  
  42  4:31  Lair  
  42  4:32  Queen  
  42  4:34  Queen  
  46  4:53  Zergling x6  
  46  4:54  Zergling x6  
  46  4:57  Drone  
  46  4:58  Drone x3  
  56  5:04  Extractor  
  55  5:12  Extractor  
  54  5:25  Extractor  
  53  5:28  Roach Warren  
  46  6:07  Drone  
  46  6:08  Drone x8  
  46  6:10  Glial Reconstitution  
  54  6:19  Roach x3  
  54  6:20  Roach x3  
  54  6:22  Drone  
  54  6:23  Zergling x4  
  51  7:35  Drone x9  
  60  7:44  Infestation Pit  
  59  7:50  Evolution Chamber  
  58  7:55  Evolution Chamber  
  58  7:56  Drone x7  
  64  8:42  Overlord x2  
  64  8:43  Overlord x3  
  64  8:50  Zerg Melee Weapons Level 1, Zerg Ground Armor Level 1  
  64  8:58  Hive  
  64  9:36  Zergling x10  
  64  9:37  Zergling x16  
  77  10:13  Ultralisk Cavern  
  76  10:16  Zergling x12  
  76  10:17  Zergling x18  
  91  10:37  Spire  
  91  11:03  Adrenal Glands  
  62  11:27  Zergling x18  
  61  11:46  Hatchery  
  60  11:50  Hatchery  
  59  11:55  Zergling x12  
  59  11:56  Unknown x2  
  56  12:08  Zergling x16  
Show
View Real Time Build Order
Export as new Build Order

Dentosal Protoss 

Build Orders:  

Get SALT Encoding   

  12  0:02  Probe (Chrono Boost)  
  13  0:12  Probe (Chrono Boost)  
  14  0:18  Pylon  
  14  0:23  Probe (Chrono Boost)  
  15  0:36  Probe (Chrono Boost)  
  15  0:38  Gateway  
  16  0:47  Probe (Chrono Boost)  
  17  0:56  Assimilator  
  17  0:59  Probe (Chrono Boost)  
  18  1:10  Probe (Chrono Boost)  
  19  1:20  Probe (Chrono Boost)  
  20  1:31  Probe (Chrono Boost)  
  21  1:35  Cybernetics Core  
  21  1:41  Probe (Chrono Boost)  
  22  1:53  Probe (Chrono Boost)  
  23  1:57  Pylon  
  23  2:13  Warp Gate  
  23  2:16  Probe (Chrono Boost)  
  24  2:25  Pylon  
  24  2:27  Mothership Core (Chrono Boost)  
  26  2:35  Gateway  
  26  2:37  Gateway x2  
  26  2:42  Gateway  
  26  2:43  Pylon  
  26  2:51  Stalker  
  26  2:54  Probe (Chrono Boost)  
  30  3:06  Probe (Chrono Boost)  
  31  3:28  Probe (Chrono Boost)  
  31  3:35  Robotics Facility  
  31  4:10  Assimilator  
  31  4:13  Twilight Council  
  30  4:28  Warp Prism  
  31  4:50  Dark Shrine  
  31  4:59  Sentry  
  33  5:21  Sentry  
  35  5:33  Adept  
  35  5:34  Adept  
  33  5:45  Adept  
  33  5:52  Mothership Core (Chrono Boost)  
  33  5:53  Adept  
  6  6:15  Dark Templar x3  
  10  6:24  Probe (Chrono Boost)  
  11  6:34  Probe (Chrono Boost)  
  12  6:45  Probe (Chrono Boost)  
  13  6:55  Probe (Chrono Boost)  
  14  7:02  Zealot x2  
  14  7:03  Zealot x2  
  14  7:06  Probe (Chrono Boost)  
  23  7:16  Probe (Chrono Boost)  
  24  7:27  Probe (Chrono Boost)  
  25  7:38  Probe (Chrono Boost)  
  26  7:48  Probe (Chrono Boost)  
  26  7:49  Warp Prism  
  19  7:59  Probe (Chrono Boost)  
  20  8:09  Probe (Chrono Boost)  
  22  8:20  Probe (Chrono Boost)  
  22  8:30  Probe (Chrono Boost)  
  23  8:34  Dark Templar  
  23  8:41  Probe (Chrono Boost)  
  26  8:51  Probe (Chrono Boost)  
  27  9:02  Probe (Chrono Boost)  
  27  9:05  Sentry  
  29  9:12  Probe (Chrono Boost)  
  30  9:23  Probe (Chrono Boost)  
  31  9:40  Zealot x4  
  37  9:57  Probe (Chrono Boost)  
  36  10:07  Probe (Chrono Boost)  
  27  10:17  Warp Prism  
  27  10:18  Probe (Chrono Boost), Charge  
  31  10:28  Probe (Chrono Boost)  
  31  10:39  Probe (Chrono Boost)  
  32  10:46  Sentry  
  32  10:49  Probe (Chrono Boost)  
  35  10:53  Observer  
  35  10:54  Pylon, Nexus  
  36  11:00  Probe (Chrono Boost)  
  36  11:16  Warp Prism  
  38  11:27  Pylon  
  38  11:29  Pylon  
  38  11:30  Pylon  
  38  11:46  Dark Templar  
  38  11:47  Dark Templar  
  38  11:48  Zealot x2  
Show
View Real Time Build Order
Export as new Build Order

Loken Zerg - Winner!

Build Orders: Hatch First 

Get SALT Encoding   

  12  0:04  Drone  
  13  0:09  Drone  
  14  0:17  Overlord  
  14  0:38  Drone x3  
  17  0:50  Drone  
  18  1:01  Hatchery, Drone  
  18  1:11  Drone  
  19  1:23  Overlord  
  19  1:27  Spawning Pool  
  19  1:32  Drone  
  19  1:34  Extractor  
  18  1:51  Drone  
  19  1:59  Drone  
  20  2:14  Queen x2  
  24  2:18  Drone  
  24  2:22  Drone x2, Extractor  
  26  2:36  Metabolic Boost  
  26  2:44  Drone x2  
  26  2:47  Drone x3  
  31  2:59  Overlord x2  
  31  3:12  Drone  
  32  3:13  Drone x2  
  34  3:26  Drone  
  34  3:27  Drone x7  
  42  3:37  Lair  
  42  3:39  Overlord x2  
  42  3:45  Pneumatized Carapace  
  42  3:59  Zergling x6  
  42  4:00  Zergling x10  
  50  4:18  Zergling x8  
  54  4:35  Zergling x2  
  54  4:36  Zergling x12  
  61  4:46  Drone x2  
  61  4:51  Hatchery  
  62  5:00  Evolution Chamber, Zergling x2  
  62  5:01  Zergling x4  
  62  5:02  Evolution Chamber  
  63  5:10  Zergling x2  
  63  5:11  Zergling x6  
  67  5:18  Extractor  
  67  5:19  Drone x2  
  67  5:21  Extractor  
  67  5:22  Overlord  
  67  5:23  Overlord  
  49  5:59  Zergling x2  
  49  6:00  Zergling x18  
  57  6:12  Overseer  
  57  6:15  Overseer, Zergling x2  
  57  6:16  Zergling x6  
  57  6:20  Queen  
  57  6:23  Hatchery  
  56  6:26  Zerg Melee Weapons Level 1, Zerg Ground Armor Level 1  
  56  6:31  Infestation Pit  
  55  6:36  Drone  
  55  6:37  Drone x3  
  59  6:40  Queen  
  59  6:46  Drone  
  63  6:47  Drone x2  
  63  6:49  Zergling x2  
  63  6:50  Zergling x8  
  67  7:13  Zergling x2  
  67  7:14  Zergling x12  
  73  7:43  Drone  
  73  7:44  Drone x9  
  83  8:18  Zergling x26  
  96  8:20  Overlord  
  96  8:21  Overlord x2  
  96  8:24  Zerg Melee Weapons Level 2, Zerg Ground Armor Level 2  
  96  8:27  Hive  
  96  8:50  Hydralisk Den  
  95  9:08  Zergling x2  
  95  9:09  Zergling x38  
  114  9:42  Overseer x3  
  113  9:58  Zergling x12  
  113  9:59  Overlord  
  119  10:00  Overlord x11  
  119  10:28  Spire  
  118  10:34  Adrenal Glands  
  118  10:47  Drone  
  118  10:48  Drone x2  
  121  10:51  Extractor  
  121  10:53  Extractor  
  102  11:34  Zergling x2  
  102  11:35  Zergling x42  
  102  11:36  Zergling x10  
  114  12:08  Mutalisk  
  114  12:09  Mutalisk x12  
Show
View Real Time Build Order
Export as new Build Order

Myran Protoss - Winner!

Build Orders: Cannon Rush 

Get SALT Encoding   

  12  0:01  Probe (Chrono Boost)  
  13  0:14  Pylon  
  13  0:18  Probe (Chrono Boost)  
  14  0:29  Probe (Chrono Boost)  
  15  0:36  Forge  
  15  0:59  Pylon  
  15  1:00  Probe (Chrono Boost)  
  16  1:06  Gateway  
  16  1:10  Probe (Chrono Boost)  
  17  1:18  Photon Cannon  
  17  1:28  Photon Cannon  
  17  1:40  Photon Cannon  
  17  1:54  Assimilator  
  17  2:06  Probe (Chrono Boost)  
  18  2:12  Cybernetics Core  
  18  2:15  Assimilator  
  18  2:19  Probe (Chrono Boost)  
  19  2:27  Pylon  
  19  2:29  Nexus  
  19  2:33  Probe (Chrono Boost)  
  19  2:35  Zealot  
  21  2:47  Probe (Chrono Boost)  
  22  2:56  Assimilator  
  22  2:58  Probe (Chrono Boost)  
  23  3:06  Pylon  
  23  3:25  Pylon, Probe (Chrono Boost)  
  24  3:28  Gateway  
  24  3:30  Warp Gate  
  24  3:40  Probe (Chrono Boost)  
  25  3:49  Probe (Chrono Boost)  
  25  3:53  Stalker  
  28  3:56  Assimilator  
  28  4:00  Assimilator, Probe (Chrono Boost)  
  29  4:05  Twilight Council  
  29  4:10  Probe (Chrono Boost)  
  30  4:21  Probe (Chrono Boost)  
  30  4:23  Stalker  
  33  4:24  Stalker  
  33  4:26  Probe (Chrono Boost)  
  36  4:31  Gateway  
  36  4:32  Probe (Chrono Boost)  
  36  4:36  Probe (Chrono Boost)  
  38  4:43  Blink  
  39  4:45  Probe (Chrono Boost)  
  39  4:56  Probe (Chrono Boost)  
  39  4:57  Probe (Chrono Boost)  
  41  5:06  Probe (Chrono Boost)  
  42  5:07  Probe (Chrono Boost)  
  43  5:20  Probe (Chrono Boost)  
  44  5:30  Probe (Chrono Boost)  
  44  5:34  Zealot x2  
  49  5:39  Nexus  
  49  5:47  Gateway  
  49  5:55  Assimilator  
  49  5:59  Assimilator  
  49  6:01  Pylon  
  49  6:03  Stalker  
  51  6:15  Pylon  
  51  6:39  Stalker x3  
  53  6:51  Probe (Chrono Boost)  
  46  6:56  Stalker  
  48  7:01  Protoss Ground Weapons Level 1  
  48  7:02  Probe (Chrono Boost)  
  48  7:05  Forge  
  49  7:09  Pylon  
  49  7:11  Pylon  
  49  7:12  Probe (Chrono Boost)  
  50  7:15  Stalker  
  50  7:16  Stalker, Gateway  
  50  7:20  Pylon  
  54  7:23  Probe (Chrono Boost)  
  55  7:30  Probe (Chrono Boost)  
  55  7:33  Probe (Chrono Boost)  
  57  7:41  Probe (Chrono Boost)  
  58  7:51  Stalker x4, Probe (Chrono Boost)  
  62  7:55  Protoss Ground Armor Level 1  
  67  7:59  Probe (Chrono Boost)  
  67  8:02  Probe (Chrono Boost)  
  67  8:03  Probe (Chrono Boost)  
  70  8:10  Probe (Chrono Boost)  
  71  8:13  Probe x2 (Chrono Boost)  
  71  8:17  Stalker x2  
  71  8:18  Stalker  
  71  8:19  Stalker  
  81  8:20  Probe (Chrono Boost)  
  81  8:23  Probe (Chrono Boost)  
  81  8:24  Probe (Chrono Boost)  
  84  8:31  Probe (Chrono Boost)  
  84  8:32  Pylon  
  86  8:34  Probe x2 (Chrono Boost)  
  86  8:35  Pylon  
  86  8:39  Stalker  
  86  8:40  Stalker  
  91  8:41  Probe (Chrono Boost)  
  91  8:43  Stalker  
  91  8:44  Stalker x2  
  91  8:45  Probe (Chrono Boost)  
  99  9:18  Stalker  
  99  9:19  Stalker x3  
  107  9:33  Photon Cannon  
  107  9:36  Photon Cannon  
  107  9:40  Photon Cannon  
  107  9:43  Photon Cannon  
  107  9:47  Stalker x2  
  107  9:48  Stalker x3, Photon Cannon  
  117  9:58  Photon Cannon  
  117  10:25  Pylon  
  117  10:27  Pylon  
  117  10:28  Pylon  
  117  10:30  Pylon  
  117  10:32  Pylon  
  117  10:33  Pylon  
  117  10:43  Probe (Chrono Boost)  
  117  10:48  Stalker x3  
  117  10:49  Stalker x2  
  128  10:54  Probe (Chrono Boost)  
  129  11:04  Probe (Chrono Boost)  
  126  12:01  Stalker x4  
  130  12:02  Stalker  
Show
View Real Time Build Order
Export as new Build Order

dallaskuken Protoss - Winner!

Build Orders:  

Get SALT Encoding   

  12  0:01  Probe (Chrono Boost)  
  13  0:12  Probe (Chrono Boost)  
  14  0:19  Pylon  
  14  0:22  Probe (Chrono Boost)  
  15  0:37  Probe (Chrono Boost)  
  15  0:42  Gateway  
  16  0:48  Probe (Chrono Boost)  
  17  0:55  Gateway  
  17  1:01  Assimilator, Probe (Chrono Boost)  
  18  1:12  Probe (Chrono Boost)  
  19  1:20  Assimilator  
  19  1:30  Cybernetics Core  
  19  1:32  Pylon  
  19  1:37  Probe (Chrono Boost)  
  20  1:48  Probe (Chrono Boost)  
  21  1:55  Warp Gate  
  21  1:58  Probe (Chrono Boost)  
  22  2:01  Pylon  
  22  2:07  Stalker x2  
  26  2:13  Probe (Chrono Boost)  
  27  2:25  Probe (Chrono Boost)  
  29  2:37  Stalker, Probe (Chrono Boost)  
  29  2:42  Stalker  
  33  2:51  Mothership Core (Chrono Boost)  
  35  2:53  Gateway  
  35  3:28  Gateway  
  35  3:30  Pylon  
  35  3:32  Pylon  
  35  4:25  Stalker  
  35  4:26  Stalker x2  
  42  4:38  Probe (Chrono Boost)  
  42  4:49  Nexus  
  42  4:50  Pylon  
  42  4:51  Probe (Chrono Boost)  
  43  4:52  Pylon  
  43  5:00  Stalker x3  
  43  5:01  Stalker  
  43  5:03  Probe (Chrono Boost)  
  52  5:08  Twilight Council  
  52  5:10  Forge  
  53  5:15  Probe (Chrono Boost)  
  49  5:32  Stalker x3  
  55  6:01  Stalker x4  
  31  7:04  Probe (Chrono Boost)  
  32  7:08  Blink  
  32  7:09  Stalker x4  
  32  7:14  Probe (Chrono Boost)  
  41  7:18  Gateway  
  41  7:20  Gateway  
  41  7:22  Gateway  
  41  7:25  Pylon, Probe (Chrono Boost)  
  40  7:50  Probe (Chrono Boost)  
  41  8:01  Stalker x4, Probe (Chrono Boost)  
  50  8:11  Probe (Chrono Boost)  
  50  8:12  Protoss Ground Weapons Level 1  
  51  8:16  Assimilator  
  51  8:20  Assimilator  
  51  8:40  Nexus  
  51  8:48  Stalker x3  
  57  9:13  Pylon  
  57  9:16  Pylon  
  57  9:17  Stalker x2  
  57  9:18  Stalker x2  
  60  9:58  Probe (Chrono Boost)  
  61  10:08  Probe (Chrono Boost)  
  60  10:19  Probe (Chrono Boost)  
  61  10:28  Stalker x7  
  69  10:29  Probe (Chrono Boost)  
  76  10:40  Probe (Chrono Boost)  
  77  10:50  Probe (Chrono Boost)  
  77  10:52  Robotics Facility  
  78  11:01  Probe (Chrono Boost)  
  79  11:17  Stalker x2  
  79  11:18  Stalker x2  
  87  12:05  Observer  
Tags
 
Add a new tag
Caveats
  • Supply blocks, unpowered buildings, or Contaminate may cause inaccurate times.
  • Supply counts are checked every 10 seconds.